 Dungeon Crawl Stone Soup version 0.28.0-53-g5a82cb258f (webtiles) character file.

Game seed: 18267182395673945013

455 FrogKing the Magician (level 7, -6/45 HPs)
             Began as a Djinni Fire Elementalist on Aug 20, 2022.
             Was an Initiate of Ashenzari.
             Killed by an exploding black bear (18 damage)
             ... ignited by their inner flame
             ... on level 5 of the Dungeon.
             The game lasted 00:12:06 (7008 turns).

FrogKing the Magician (Djinni Fire Elementalist)    Turns: 7008, Time: 00:12:07

Health: -6/45      AC:  3    Str:  9    XL:     7   Next: 26%
Gold:   201        EV: 12    Int: 16    God:    Ashenzari [......] SH:  0 Dex: 14

rFire   + + .      SeeInvis .   i - +0 dagger (flame)
rCold   x . .      Faith    .   (no shield)
rNeg    . . .      Spirit   .   a - +0 robe
rPois   ∞          Reflect  .   (no helmet)
rElec   .          Harm     .   m - +0 cloak
rCorr   .          Rampage  .   (no gloves)
Will    .....                   (boots unavailable)
Stlth   ++........              w - amulet of the acrobat
HPRegen 0.15/turn               (no ring)
MPRegen 0.00/turn               (no ring)

@: flying, very slightly contaminated
A: sickness immunity, fire resistance 2, cold vulnerability 1, float, innate
caster, HP casting, extra vitality 1
a: Renounce Religion


You were on level 5 of the Dungeon.
You worshipped Ashenzari.
Ashenzari was noncommittal.
You visited 2 branches of the dungeon, and saw 6 of its levels.

You collected 201 gold pieces.

Inventory:

Hand Weapons
 f - a +0 dagger
 i - a +0 dagger of flaming (weapon)
Missiles
 o - 8 curare-tipped darts (quivered)
Armour
 a - a +0 robe (worn)
 m - a +0 cloak (worn)
 r - an orb of mayhem
Jewellery
 w - an amulet of the acrobat (around neck)
Scrolls
 c - 2 scrolls of enchant weapon {unknown}
 e - 2 scrolls of magic mapping {unknown}
 j - 2 scrolls of fog {unknown}
 k - 2 scrolls of teleportation {unknown}
 l - 7 scrolls of identify {unknown}
 n - a scroll of amnesia {unknown}
 p - a scroll of vulnerability {unknown}
 q - 5 scrolls of blinking {unknown}
 t - a scroll of acquirement {unknown}
 u - 3 scrolls of immolation {unknown}
Potions
 b - 2 potions of flight {unknown}
 d - a potion of degeneration {unknown}
 g - 2 potions of heal wounds {unknown}
 h - a potion of berserk rage {unknown}
 s - a potion of brilliance {unknown}
 v - a potion of mutation {unknown}
 x - a potion of might {unknown}
 z - a potion of attraction {unknown}


   Skills:
 - Level 2.5 Dodging
 - Level 2.0 Stealth
 + Level 5.8 Spellcasting


You couldn't memorise any spells.
You knew the following spells:

 Your Spells              Type           Power      Damage    Failure   Level
a - Foxfire               Conj/Fire      92%        2x1d8     1%          1
b - Scorch                Fire           46%        2d7       1%          2
c - Conjure Flame         Conj/Fire      23%        6-21      3%          3
d - Inner Flame           Hex/Fire       23%        N/A       3%          3
e - Flame Wave            Conj/Fire      23%        2d7       13%         4
f - Animate Skeleton      Necr           46%        N/A       1%          1
g - Corpse Rot            Necr/Air       46%        N/A       1%          2
h - Dazzling Flash        Conj/Hex       46%        N/A       3%          3
Your spell library was empty.

Dungeon Overview and Level Annotations

Branches:
Dungeon (5/15)             Temple (1/1) D:4

Altars:
Ashenzari
Dithmenos
Kikubaaqudgha
Uskayaw
Vehumet
Wu Jian
Zin


Innate Abilities, Weirdness & Mutations

You are immune to sickness and miasma.
You are immune to poison.
Your flesh is very heat resistant. (rF++)
You are vulnerable to cold. (rC-)
You float through the air rather than walking.
You learn spells naturally, not from books.
Your magical power is your life essence.
You have superior vitality. (+4 MHP)


Message History

Confirm with . or Enter, or press ? or * to list all spells.
Flames lash the adder.
The adder is almost dead.
The adder's fire resistance burns away.
Your foxfire dissipates!
The adder completely misses you.
The black bear completely misses you. x2
The black bear barely misses you.
Casting: Scorch (safe; 1% risk of failure)
Confirm with . or Enter, or press ? or * to list all spells.
Aiming: Inner Flame (dangerous; 4% risk of failure)
Press: ? - help, Dir - move target, f - black bear
Aim: a black bear (moderately wounded, chance to affect: 78%)
The black bear is filled with an inner flame.
The adder bites you but does no damage. The black bear closely misses you.
The black bear misses you.
The black bear claws you but does no damage.
Casting: Inner Flame (dangerous; 4% risk of failure)
Confirm with . or Enter, or press ? or * to list all spells.
Flames lash the adder.
The adder is burned terribly!
You kill the adder!
The black bear bites you. The black bear claws you. x2
The black bear misses you. The black bear claws you.
The black bear claws you but does no damage.
Casting: Scorch (safe; 1% risk of failure)
Confirm with . or Enter, or press ? or * to list all spells.
You miscast Scorch.
You are very lightly contaminated with residual magic.
Nothing appears to happen.
The black bear bites you.
The black bear claws you but does no damage.
The black bear closely misses you.
Casting: Scorch (safe; 1% risk of failure)
Confirm with . or Enter, or press ? or * to list all spells.
Flames lash the black bear.
Flame seeps out of the black bear.
The black bear is heavily wounded.
The black bear's fire resistance burns away.
* * * LOW HITPOINT WARNING * * *
The black bear is engulfed in blazing flames.
The black bear explodes!
The fiery explosion engulfs you!! You resist.
You die...

.. .. :. #. .
#...# ..#
#.#...#...#..
#.#.#.v.#...#.
.#....†#...#...#
.....#.§.#...#..
# #...#.§.#...#
.#.#§#.@○#...#.
.......#§§.#...
##.##(#..#...#
#.#<....#...#
..##.#.....#..
#....)######..#
#.##..# #. #
#..# #..#


There were no monsters in sight!

Vanquished Creatures
  A black bear (D:5)
  A wyvern skeleton (D:4)
  A howler monkey (D:5)
  A hound (D:4)
  Jessica (D:3)
  3 orc wizards (D:4)
  4 gnolls (D:2)
  6 adders
  A shadow imp (D:4)
  An adder skeleton (D:4)
  2 dart slugs (D:1)
  14 orcs
  8 ball pythons
  9 bats
  7 endoplasms
  5 giant cockroaches
  6 goblins
  4 hobgoblins
  6 jackals
  6 quokkas
  3 frilled lizards
  10 kobolds
  23 rats
123 creatures vanquished.

Vanquished Creatures (others)
  243 foxfires
  2 fungi (D:1)
245 creatures vanquished.

Grand Total: 368 creatures vanquished

Notes
Turn   | Place    | Note
-------+----------+-------------------------------------------
     0 | D:1      | FrogKing the Djinni Fire Elementalist began the quest for
                  | the Orb.
     0 | D:1      | Reached XP level 1. HP: 15/15 MP: 0/0
   337 | D:1      | Reached XP level 2. HP: 20/21 MP: 0/0
   878 | D:1      | Reached XP level 3. HP: 22/25 MP: 0/0
   878 | D:1      | Learned a level 1 spell: Animate Skeleton
   992 | D:1      | Found a faded altar of an unknown god.
  1198 | D:1      | Reached skill level 3 in Spellcasting
  1988 | D:2      | Reached XP level 4. HP: 23/31 MP: 0/0
  3150 | D:3      | Reached XP level 5. HP: 34/35 MP: 0/0
  3150 | D:3      | Learned a level 2 spell: Corpse Rot
  3518 | D:3      | Reached skill level 4 in Spellcasting
  3580 | D:3      | Noticed Jessica
  3586 | D:3      | Killed Jessica
  4594 | D:4      | Reached XP level 6. HP: 16/40 MP: 0/0
  5394 | D:4      | Reached skill level 5 in Spellcasting
  5455 | D:4      | Found a shadowy altar of Dithmenos.
  5506 | D:4      | Reached XP level 7. HP: 18/45 MP: 0/0
  5506 | D:4      | Learned a level 3 spell: Dazzling Flash
  5712 | D:4      | Found a staircase to the Ecumenical Temple.
  5734 | Temple   | Entered the Ecumenical Temple
  5743 | Temple   | Became a worshipper of Ashenzari the Shackled
  6979 | D:5      | Entered Level 5 of the Dungeon
  7008 | D:5      | Killed by an exploding black bear... ignited by their inner
                  | flame

Illustrated notes

Levels and vault maps discovered:
D:1:      psy_arrival_radial02, layout_loops_ring,
          shapermc_ecumenical_altar_ellora, skrybe_limestone_x
D:2:      layout_loops_ring, chequers_hall_statues_wall_a
D:3:      layout_loops_corners, serial_rivers, chequers_serial_rivers_micro_b,
          chequers_serial_rivers_room_a, chequers_serial_rivers_micro_b,
          chequers_serial_rivers_room_b, chequers_serial_rivers_large_b,
          chequers_serial_rivers_micro_b, kennysheep_jessica_study
D:4:      layout_layer_cave, grunt_dithmenos_smoke, minmay_temple_entry_mist,
          minmay_rat_hole
D:5:      layout_loops_ring, mainiacjoe_overflow_tiny_flanked, serial_shops,
          nicolae_stop_n_shop_2, ebering_ghost_sewer_f, hex_large
Temple:   compressed_dpeg_circular_temple

Skill      XL: |  1  2  3  4  5  6 |
---------------+-------------------+-----
Stealth        | 2 |  2.0
Spellcasting   | 3 4 5 |  5.8
Dodging        | |  2.5

Action                   |  1- 3 |  4- 6 |  7- 9 || total
-------------------------+-------+-------+-------++-------
Melee: Dagger            |       |     3 |       ||     3
 Cast: Foxfire           |    50 |    88 |    26 ||   164
       Scorch            |    16 |    28 |    15 ||    59
       Inner Flame       |       |     3 |     1 ||     4
       Conjure Flame     |       |     1 |       ||     1
       Flame Wave        |       |       |     2 ||     2
Armor: Robe              |       |     4 |     5 ||     9
Dodge: Dodged            |    15 |    23 |    13 ||    51
